 Dungeon Crawl Stone Soup version 0.31-a0-149-g3fdcc5976a (webtiles) character file.

Game seed: 1352951159706103851

725 qw the Skirmisher (level 7, -1/62 HPs)
             Began as a Minotaur Hunter on June 7, 2023.
             Was an Initiate of Okawaru.
             Slain by a kobold brigand
             ... wielding a +1 short sword of venom
              (5 damage)
             ... on level 5 of the Dungeon.
             The game lasted 00:01:17 (4887 turns).

qw the Skirmisher (Minotaur Hunter)                 Turns: 4887, Time: 00:01:18

Health: -1/62      AC:  7    Str: 16    XL:     7   Next: 43%
Magic:  6/6        EV: 11    Int:  6    God:    Okawaru [......]
Gold:   152        SH:  0    Dex: 15    Spells: 6/6 levels left

rFire   . . .        Y - +0 shortbow (heavy)
rCold   . . .        (shield currently unavailable)
rNeg    . . .        l - +0 ring mail
rPois   .            (helmet restricted)
rElec   .            (no cloak)
rCorr   .            i - +1 pair of gloves
SInv    .            (no boots)
Will    .....        (no amulet)
Stlth   +            (no ring)
HPRegen 0.30/turn    (no ring)
MPRegen 0.10/turn

%: no passive effects
@: lethally poisoned (-1 -> -28), about to teleport
A: horns 2, retaliatory headbutt
a: Renounce Religion


You were on level 5 of the Dungeon.
You worshipped Okawaru.
Okawaru was noncommittal.
You visited 1 branch of the dungeon, and saw 6 of its levels.

You collected 152 gold pieces.


Innate Abilities, Weirdness & Mutations

You have a pair of horns on your head.
You reflexively headbutt those who attack you in melee.


   Skills:
 - Level 5.7 Fighting
 + Level 8.4 Ranged Weapons
 - Level 2.0 Armour
 - Level 2.6 Dodging
 - Level 0.7 Stealth


You had 6 spell levels left.
You didn't know any spells.
Your spell library was empty.

Inventory:

Hand Weapons
 f - a +2 sling of flaming
 Y - a +0 heavy shortbow (weapon)
Armour
 i - a +1 pair of gloves (worn)
 l - a +0 ring mail (worn)
Scrolls
 d - a scroll of teleportation
 k - a scroll of identify
Potions
 b - a potion of berserk rage {unknown}
 e - a potion of mutation {unknown}
 g - a potion of haste {unknown}
 h - a potion of resistance
 j - a potion of cancellation {unknown}

Dungeon Overview and Level Annotations

Branches:
Dungeon (6/15)             Temple (0/1) D:4

Altars:
Okawaru


Message History

You kill the kobold!
You feel very sick.
You hear a shout!
A kobold comes into view. It is wielding a +0 short sword.
You shoot an arrow.
The arrow barely misses the kobold brigand.
The kobold shouts!
You feel sick.
The kobold brigand hits you with a +1 short sword of venom.
You are more poisoned.
The kobold brigand hits you with a +1 short sword of venom.
You are more poisoned.
A kobold comes into view. It is wielding a +0 whip.
4883 ||| STAIRDANCE You feel very sick.
The orc closely misses you.
The kobold brigand hits you with a +1 short sword of venom.
You are more poisoned.
You climb upwards.
You feel extremely sick.
There is a stone staircase leading down here.
You shoot an arrow.
The arrow barely misses the kobold brigand.
You feel extremely sick. The kobold brigand closely misses you.
The orc hits you with a +0 whip.
You shoot an arrow. The arrow hits the kobold brigand!
The kobold brigand is almost dead.
You feel very sick.
The kobold brigand hits you with a +1 short sword of venom.
You are lethally poisoned!
The orc hits you but does no damage.
The kobold brigand hits you with a +1 short sword of venom.
You are more poisoned.
The orc closely misses you.
4887 ||| READING 2 scrolls of teleportation.
As you read the scroll of teleportation, it crumbles to dust.
You feel strangely unstable.
You feel extremely sick.
The kobold brigand hits you with a +1 short sword of venom.
You die...

#....########
##..### #####
#######)..#
#....
#.........#
##....
#########.#
#..### ##.#
##).# ###..#
####...#
##oK###
##......###
#%@##
#!####.....
#.## ###
##..## ###
####


You could see a kobold brigand and an orc.

Vanquished Creatures
  A water moccasin (D:5)
  A black bear (D:4)
  3 scorpions
  A hound (D:5)
  Terence (D:2)
  2 sleepcaps
  2 iguanas (D:4)
  2 orc wizards
  7 adders
  An ufetubus (D:4)
  3 dart slugs
  8 orcs
  2 bats
  4 endoplasms
  4 giant cockroaches
  4 goblins
  9 hobgoblins
  4 jackals (D:1)
  4 quokkas
  9 ball pythons
  A frilled lizard (D:1)
  5 kobolds
  3 rats
81 creatures vanquished.

Notes
Turn   | Place    | Note
-------+----------+-------------------------------------------
     0 | D:1      | qw the Minotaur Hunter began the quest for the Orb.
     0 | D:1      | Reached XP level 1. HP: 18/18 MP: 0/0
     0 | D:1      | 0 ||| qw: Version: 0.2-a-117-gc6b5c8b
     0 | D:1      | 0 ||| qw: Game counter: 2671
     0 | D:1      | 0 ||| qw: Always use a shield: true
     0 | D:1      | 0 ||| qw: God list: Okawaru
     0 | D:1      | 0 ||| qw: Allow faded altars: false
     0 | D:1      | 0 ||| qw: Do Orc after D:15 true
     0 | D:1      | 0 ||| qw: Do second Lair branch before Depths: true
     0 | D:1      | 0 ||| qw: Lair rune preference: random
     0 | D:1      | 0 ||| qw: Plans: Normal
     0 | D:1      | 0 ||| PLANNING D:1-11
    83 | D:1      | Found a faded altar of an unknown god.
   167 | D:1      | 167 ||| FLEEEEING.
   169 | D:1      | 169 ||| FLEEEEING.
   269 | D:1      | Reached XP level 2. HP: 25/25 MP: 1/1
   397 | D:1      | Reached skill level 5 in Ranged Weapons
   700 | D:1      | Reached skill level 3 in Fighting
   814 | D:1      | 814 ||| UPGRADING to +0 pair of gloves.
   819 | D:1      | 819 ||| READING scroll labelled HORGHI CEM DOEG.
   823 | D:1      | 823 ||| READING scroll labelled QOUVET ERENYWI.
   824 | D:1      | 824 ||| READING scroll labelled OLIETU GUALOST.
   825 | D:1      | 825 ||| READING 2 scrolls labelled GAR DIEMIS.
   826 | D:1      | 826 ||| READING scroll labelled OCISEU HIXZE.
   827 | D:1      | 827 ||| DROPPING scroll of butterflies.
   906 | D:2      | HP: 6/26 [sleepcap (5)]
   908 | D:2      | Reached XP level 3. HP: 8/31 MP: 2/2
  1261 | D:2      | Reached XP level 4. HP: 38/38 MP: 3/3
  1407 | D:2      | Reached skill level 6 in Ranged Weapons
  1478 | D:2      | Noticed Terence
  1481 | D:2      | Killed Terence
  1574 | D:2      | 1574 ||| READING scroll labelled UNGIBUEDEA.
  1575 | D:2      | 1575 ||| READING scroll labelled HASHUNE FEXTEE.
  1576 | D:2      | 1576 ||| DRINKING 2 grey potions.
  2250 | D:3      | Reached XP level 5. HP: 46/46 MP: 4/4
  2452 | D:3      | 2452 ||| READING 2 scrolls labelled UZATHR KUT HIUSM.
  2553 | D:3      | 2553 ||| DRINKING 2 black potions.
  2579 | D:3      | 2579 ||| DRINKING 2 purple potions.
  2580 | D:3      | 2580 ||| DROPPING scroll of silence.
  2581 | D:3      | 2581 ||| DROPPING potion of lignification.
  2708 | D:4      | Noticed a black bear
  2715 | D:4      | Killed a black bear
  2716 | D:4      | Reached skill level 7 in Ranged Weapons
  2716 | D:4      | Reached XP level 6. HP: 29/52 MP: 5/5
  2717 | D:4      | 2717 ||| FLEEEEING.
  2718 | D:4      | 2718 ||| FLEEEEING.
  2719 | D:4      | 2719 ||| FLEEEEING.
  2725 | D:4      | 2725 ||| FLEEEEING.
  2726 | D:4      | 2726 ||| FLEEEEING.
  2867 | D:4      | Found an iron altar of Okawaru.
  2868 | D:4      | 2868 ||| PLANNING OKAWARU WORSHIP
  2891 | D:4      | Became a worshipper of Warmaster Okawaru
  2891 | D:4      | 2891 ||| PLANNING D:1-11
  2955 | D:4      | Found a staircase to the Ecumenical Temple.
  2996 | D:4      | 2996 ||| Stepping ~*~*~tactically~*~*~ (outnumbered).
  2998 | D:4      | 2998 ||| Stepping ~*~*~tactically~*~*~ (outnumbered).
  3012 | D:4      | HP: 13/52 [orc wizard/+0 dagger (2)]
  3013 | D:4      | 3013 ||| DRINKING potion of heal wounds.
  3367 | D:4      | 3367 ||| READING scroll of enchant armour.
  3367 | D:4      | 3367 ||| ENCHANTING +0 pair of gloves.
  3546 | D:4      | 3546 ||| READING scroll labelled QEOFOO RUINOWOI.
  3611 | D:5      | Entered Level 5 of the Dungeon
  3679 | D:5      | Reached skill level 8 in Ranged Weapons
  4116 | D:5      | Noticed a water moccasin
  4123 | D:5      | Killed a water moccasin
  4124 | D:5      | Reached XP level 7. HP: 53/62 MP: 6/6
  4724 | D:5      | 4724 ||| UPGRADING to +0 ring mail.
  4734 | D:5      | 4734 ||| DROPPING +0 leather armour.
  4735 | D:5      | 4735 ||| READING scroll labelled NUUSSO OVUCVI.
  4736 | D:5      | 4736 ||| READING 2 scrolls of identify.
  4736 | D:5      | 4736 ||| IDENTIFYING fizzy sapphire potion
  4737 | D:5      | 4737 ||| DROPPING potion of brilliance.
  4796 | D:6      | 4796 ||| STAIRDANCE
  4883 | D:6      | 4883 ||| STAIRDANCE
  4886 | D:5      | HP: 12/62 [kobold brigand/+1 short sword of venom (5)]
  4887 | D:5      | 4887 ||| READING 2 scrolls of teleportation.
  4887 | D:5      | HP: 4/62 [poisoned by a kobold brigand]
  4887 | D:5      | Slain by a kobold brigand

Levels and vault maps discovered:
D:1:      elethiomel_arrival_infinity_welcomes_careful_drivers, layout_basic,
          basic_ecumenical_altar
D:2:      layout_loops_ring, uniq_terence
D:3:      layout_loops_corners, minmay_shallow_snake_nest
D:4:      layout_loops_ring, mainiacjoe_overflow_brackets,
          minmay_temple_entry_statues_pillars
D:5:      layout_layer_cave
D:6:      layout_cave_pools, uniq_menkaure, uniq_eustachio

Skill      XL: |  1  2  3  4  5  6 |
---------------+-------------------+-----
Ranged Weapons | 5 6 7 8 |  8.4
Fighting       | 3 4 5 |  5.7
Armour         | 2 |  2.0
Dodging        | |  2.6
Stealth        | |  0.7

Action                     |  1- 3 |  4- 6 |  7- 9 || total
---------------------------+-------+-------+-------++-------
   Fire: Shortbow          |    85 |   122 |    28 ||   235
    Use: Scroll            |     5 |     5 |     3 ||    13
         Potion            |       |     4 |       ||     4
 Armour: Leather armour    |     9 |    20 |     2 ||    31
         Ring mail         |       |       |     7 ||     7
  Dodge: Dodged            |    24 |    50 |    14 ||    88

Table legend:
 A = Non-vault XP
 B = Vault XP
 C = Vault XP percentage of total XP
 D = Non-vault monster count
 E = Vault monster count
 F = Vault count percentage of total count
                 A         B        C        D         E       F
            +---------+---------+-------+---------+---------+-------
      Total |     984 |      52 |   5.0 |      76 |       5 |   6.2
            +---------+---------+-------+---------+---------+-------
        D:1 |      33 |       0 |   0.0 |      18 |       0 |   0.0
        D:2 |      86 |      36 |  29.5 |      17 |       1 |   5.6
        D:3 |      56 |      16 |  22.2 |      10 |       4 |  28.6
        D:4 |     289 |       0 |   0.0 |      20 |       0 |   0.0
        D:5 |     436 |       0 |   0.0 |       8 |       0 |   0.0
        D:6 |      84 |       0 |   0.0 |       3 |       0 |   0.0
            +---------+---------+-------+---------+---------+-------
